 Dungeon Crawl Stone Soup version 0.22.1-1-ga44c0e5 (webtiles) character file.

407 harcile the Shield-Bearer (level 6, -3/53 HPs)
             Began as a Hill Orc Fighter on Oct 29, 2018.
             Killed by divine providence
             ... invoked by an orc priest
              (15 damage)
             ... on level 5 of the Dungeon.
             The game lasted 00:07:42 (3569 turns).

harcile the Shield-Bearer (Hill Orc Fighter)        Turns: 3569, Time: 00:07:42

Health: -3/53      AC:  9    Str: 21    XL:     6   Next: 88%
Magic:  6/6        EV:  8    Int:  8    God:
Gold:   198        SH: 10    Dex: 10    Spells: 5/5 levels left

rFire    . . .     SeeInvis .   r - +0 long sword
rCold    . . .     Gourm    .   p - +0 shield
rNeg     . . .     Faith    .   b - +0 scale mail
rPois    .         Spirit   .   w - +0 helmet
rElec    .         Reflect  .   (no cloak)
rCorr    .         Harm     .   (no gloves)
MR       .....                  m - +0 pair of boots
Stlth    ..........             (no amulet)
HPRegen  0.17/turn              h - ring of attention (curse)
MPRegen  0.10/turn              (no ring)

@: no status effects
A: no striking features
a: Convert to Beogh


You were on level 5 of the Dungeon.
You were not hungry.

You visited 1 branch of the dungeon, and saw 5 of its levels.

You collected 198 gold pieces.

Inventory:

Hand Weapons
 a - a +0 long sword
 r - a +0 long sword (weapon)
Armour
 b - a +0 scale mail (worn)
 c - a +0 shield
 m - a +0 pair of boots (worn)
 p - a +0 shield (worn)
 w - a +0 helmet (worn)
Jewellery
 h - a cursed ring of attention (left hand)
Wands
 n - a wand of enslavement (17)
Scrolls
 i - 4 scrolls of enchant armour {unknown}
 j - 3 scrolls of remove curse {unknown}
 l - 2 scrolls of teleportation {unknown}
 o - 3 scrolls of magic mapping {unknown}
 s - a scroll of fear {unknown}
 t - 2 scrolls of amnesia {unknown}
 u - 2 scrolls of identify {unknown}
 y - a scroll of enchant weapon {unknown}
Potions
 d - 4 potions of might
 e - 5 potions of lignification {unknown}
 g - 2 potions of flight {unknown}
 q - 3 potions of degeneration {unknown}
 v - a potion of haste {unknown}
 x - a potion of brilliance {unknown}
Comestibles
 f - 10 rations
 k - a chunk of flesh


   Skills:
 + Level 4.7 Fighting
 + Level 5.0 Long Blades
 + Level 4.3 Armour
 - Level 1.0 Dodging
 + Level 5.1 Shields


You had 5 spell levels left.
You didn't know any spells.
Your spell library was empty.

Dungeon Overview and Level Annotations

Branches:
Dungeon (5/15)
 Temple: D:4-7

Altars:
Kikubaaqudgha
Qazlal


Message History

Beogh smites you!
Your shield prevents you from hitting the orc priest.
The orc priest is lightly wounded.
The orc priest closely misses you.
You riposte.
You hit the orc priest but do no damage.
The orc priest is lightly wounded.
You block the orc's attack. x2
The orc priest calls down the wrath of Beogh upon you.
Beogh smites you!
* * * LOW HITPOINT WARNING * * *
The orc priest shouts, "Join the one true god or die!"
The orc priest shouts, "Beogh is our master!
Accept the truth or die!"
The orc priest hits you but does no damage.
The orc priest calls upon Beogh to heal the orc priest.
The orc priest's wounds heal themselves!
The orc hits you.
* * * LOW HITPOINT WARNING * * *
The orc priest calls down the wrath of Beogh upon you.
Beogh smites you!
You die...

#...........
#........#
#......# #....#
.#####.#)##
.........#
........<#
..######.#######
##@.>....##
##.oo......#
#..o.......##
#...........#
#...........#
#......o...##
#..........#
##.........#
.............


You could see 2 orc priests and 2 orcs.

Vanquished Creatures
  A scorpion (D:4)
  A howler monkey (D:4)
  2 orc priests
  A jelly (D:5)
  An orc wizard (D:3)
  5 adders
  An ooze (D:3)
  3 worms
  2 dart slugs (D:1)
  A leopard gecko (D:1)
  25 orcs
  3 giant cockroaches
  12 goblins
  11 hobgoblins
  14 jackals
  5 quokkas
  10 bats
  2 frilled lizards
  6 kobolds
  9 rats
115 creatures vanquished.

Notes
Turn   | Place    | Note
-------+----------+-------------------------------------------
     0 | D:1      | harcile the Hill Orc Fighter began the quest for the Orb.
     0 | D:1      | Reached XP level 1. HP: 19/19 MP: 1/1
   236 | D:1      | Reached XP level 2. HP: 23/27 MP: 2/2
   390 | D:1      | Reached XP level 3. HP: 24/33 MP: 3/3
  1032 | D:2      | Found an ancient bone altar of Kikubaaqudgha.
  1143 | D:2      | Reached XP level 4. HP: 31/40 MP: 4/4
  1729 | D:2      | Reached XP level 5. HP: 20/46 MP: 5/5
  2526 | D:3      | Reached XP level 6. HP: 42/53 MP: 6/6
  2531 | D:3      | Reached skill level 1 in Dodging
  2535 | D:3      | Reached skill level 5 in Shields
  3366 | D:4      | Found a stormy altar of Qazlal.
  3367 | D:4      | Noticed a fire elemental
  3368 | D:4      | Noticed an air elemental
  3369 | D:4      | Noticed a water elemental
  3533 | D:5      | Entered Level 5 of the Dungeon
  3563 | D:5      | Reached skill level 5 in Long Blades
  3569 | D:5      | Killed from afar by an orc priest

Skill      XL: |  1  2  3  4  5  6 |
---------------+-------------------+-----
Fighting       | 4 |  4.7
Long Blades    | 3 4 5 |  5.0
Shields        | 4 5 |  5.1
Armour         | 4 |  4.3
Dodging        | 1 |  1.0

Action                   |  1- 3 |  4- 6 || total
-------------------------+-------+-------++-------
Melee: Long sword        |   134 |   285 ||   419
  Eat: Chunk             |     1 |     9 ||    10
Armor: Scale mail        |    72 |   120 ||   192
Dodge: Dodged            |    40 |   102 ||   142
Block: Shield            |    90 |   170 ||   260
       Rpst.: Long sword |    15 |    30 ||    45
